 Dungeon Crawl Stone Soup version 0.28.0-53-g5a82cb258f (webtiles) character file.

Game seed: 974972723452195343

1034 Gabide the Poker (level 8, -1/64 HPs)
             Began as a Human Monk on June 1, 2022.
             Slain by an orc warrior
             ... wielding a +0 short sword
              (14 damage)
             ... on level 4 of the Dungeon.
             The game lasted 00:10:07 (8175 turns).

Gabide the Poker (Human Monk)                       Turns: 8175, Time: 00:10:08

Health: -1/64      AC:  6    Str: 14    XL:     8   Next: 48%
Magic:  8/8        EV: 13    Int: 10    God:
Gold:   261        SH:  0    Dex: 24    Spells: 7/7 levels left

rFire   . . .      SeeInvis .   q - +1 spear (vorpal)
rCold   . . .      Faith    .   (no shield)
rNeg    . . .      Spirit   .   a - +0 scale mail
rPois   .          Reflect  .   (no helmet)
rElec   .          Harm     .   (no cloak)
rCorr   .          Rampage  .   (no gloves)
Will    .....                   (no boots)
Stlth   +.........              (no amulet)
HPRegen 0.20/turn               t - +6 ring of dexterity
MPRegen 0.11/turn               (no ring)

@: hasted, very quick
A: strong 1
a: no special abilities


You were on level 4 of the Dungeon.
You visited 1 branch of the dungeon, and saw 5 of its levels.
You also visited: Ossuary.

You collected 261 gold pieces.

Inventory:

Hand Weapons
 n - a +0 trident
 q - a +1 vorpal spear (weapon)
 u - a +0 fustibalus
Armour
 a - a +0 scale mail (worn)
 b - a +0 robe
Jewellery
 t - a +6 ring of dexterity (left hand)
Scrolls
 e - a scroll of teleportation
 f - a scroll of blinking {unknown}
 k - a scroll of enchant armour {unknown}
 l - a scroll of noise {unknown}
 p - a scroll of magic mapping
 v - 2 scrolls of vulnerability
Potions
 c - 2 potions of curing
 g - 2 potions of attraction
 h - a potion of resistance
 i - 3 potions of mutation
 m - a potion of ambrosia
 s - a potion of invisibility {unknown}
 w - a potion of experience {unknown}
 x - a potion of heal wounds {unknown}
 z - a potion of magic {unknown}
 A - a potion of flight {unknown}


   Skills:
 + Level 6.1 Fighting
 + Level 6.2 Polearms
 + Level 6.1 Dodging
 - Level 2.0 Stealth


You had 7 spell levels left.
You didn't know any spells.
Your spell library contained the following spells:

 Spells                   Type           Power      Damage    Failure   Level
 Foxfire                  Conj/Fire      0%         2x1d4     86%         1
 Blink                    Tloc           0%         N/A       95%         2
 Conjure Flame            Conj/Fire      0%         6-21      99%         3
 Ignite Poison            Fire/Tmut/Pois 0%         N/A       99%         3
 Inner Flame              Hex/Fire       0%         N/A       99%         3
 Lesser Beckoning         Tloc           0%         N/A       99%         3
 Flame Wave               Conj/Fire      0%         2d4       100%        4
 Sticky Flame             Conj/Fire      0%         2d3       100%        4
 Manifold Assault         Tloc           0%         N/A       100%        5


Dungeon Overview and Level Annotations

Branches:
Dungeon (5/15)            Ossuary (visited)
 Temple: D:4-7

Altars:
Wu Jian
Xom
The Shining One

Shops:
D:5 (


Innate Abilities, Weirdness & Mutations

Your muscles are strong. (Str +2)


Message History

You are too injured to fight recklessly!
You are too injured to fight recklessly!
You are too injured to fight recklessly!
You are too injured to fight recklessly!
You are too injured to fight recklessly!
You are too injured to fight recklessly!
You are too injured to fight recklessly!
You are too injured to fight recklessly!
You are too injured to fight recklessly!
You are too injured to fight recklessly!
You are too injured to fight recklessly!
You are too injured to fight recklessly!
You are too injured to fight recklessly!
Okay, then.
Okay, then.
You feel very mighty all of a sudden.
The orc warrior hits you with a +0 short sword!
* * * LOW HITPOINT WARNING * * *
You hit the orc warrior.
The orc warrior is moderately wounded.
The orc warrior hits you but does no damage.
Press: ? - help, v - describe, . - travel, g - get item
Here: an orc warrior, wielding a +0 short sword and wearing a +0 chain mail (moderately wounded)
Items here: a +0 giant spiked club; a hound corpse; an ogre skeleton.
The floor, spattered with blood.
Unknown command.
Unknown command.
You hit the orc warrior.
The orc warrior is heavily wounded.
The orc warrior hits you with a +0 short sword.
* * * LOW HITPOINT WARNING * * *
Okay, then.
It was a potion of cancellation.
Your magical effects are unravelling.
You feel magically purged.
You feel a little less mighty now.
The orc warrior hits you but does no damage.
It was a potion of haste.
You feel yourself speed up.
The orc warrior hits you with a +0 short sword!
You die...

#################
##...............#
#.....#########.##
#.....# #.#
#.....# #.#
######.....# #.#
........@..# #.#
..###.#o#### #.#
#.#r# #.# # #.#
#.# ..........>#
#.# ....#.#>##.#
#.# .. ...#.# #
#.# ##O# .r. ...
#.# .... ..... ...
### #.#


You could see an orc warrior and a quokka.

Vanquished Creatures
  A black bear (D:5)
  2 ogres
  A phantom (D:5)
  A scorpion (D:5)
  A water moccasin zombie (D:5)
  A centaur zombie (D:5)
  3 jellies (D:5)
  2 orc priests
  A hound (D:4)
  3 iguanas
  2 orc wizards
  A hound skeleton (D:5)
  2 mummies
  4 adders
  An adder skeleton (D:4)
  3 worms
  2 dart slugs (D:5)
  13 orcs
  4 spectral bats (Ossuary)
  9 ball pythons
  11 endoplasms
  7 giant cockroaches
  12 gnoll zombies (Ossuary)
  3 goblins
  6 hobgoblins
  8 kobolds
  5 quokkas
  7 bats
  4 bat simulacra (Ossuary)
  2 frilled lizards
  A giant cockroach zombie (D:2)
  3 goblin simulacra (Ossuary)
  2 goblin zombies (Ossuary)
  4 hobgoblin zombies (Ossuary)
  3 kobold simulacra (Ossuary)
  4 kobold zombies (Ossuary)
  8 orc zombies (Ossuary)
  2 quokka skeletons (D:2)
  10 rats
  5 rat simulacra (Ossuary)
  3 spectral goblins (Ossuary)
  6 spectral kobolds (Ossuary)
  3 spectral rats (Ossuary)
176 creatures vanquished.

Vanquished Creatures (others)
  3 plants (D:3)
  3 withered plants (D:2)
6 creatures vanquished.

Grand Total: 182 creatures vanquished

Notes
Turn   | Place    | Note
-------+----------+-------------------------------------------
     0 | D:1      | Gabide the Human Monk began the quest for the Orb.
     0 | D:1      | Reached XP level 1. HP: 18/18 MP: 1/1
   181 | D:1      | Reached XP level 2. HP: 19/24 MP: 2/2
   572 | D:1      | Found a faded altar of an unknown god.
   639 | D:1      | Reached XP level 3. HP: 23/29 MP: 3/3
  1594 | D:2      | Reached XP level 4. HP: 19/36 MP: 4/4
  2191 | D:2      | Found a glowing golden altar of the Shining One.
  3132 | D:3      | Reached XP level 5. HP: 9/42 MP: 5/5
  3686 | D:3      | Found an ornate altar of the Wu Jian Council.
  3779 | D:3      | Found a glowing golden altar of the Shining One.
  3986 | D:3      | Reached XP level 6. HP: 43/48 MP: 6/6
  4672 | D:4      | Found a sand-covered staircase.
  4686 | D:4      | Gained mutation: Your muscles are strong. (Str +2) [potion
                  | of mutation]
  4688 | Ossuary  | Entered an ossuary
  5587 | D:4      | Noticed an ogre
  5617 | D:5      | Entered Level 5 of the Dungeon
  5646 | D:5      | Reached XP level 7. HP: 55/55 MP: 7/7
  5683 | D:5      | Reached skill level 5 in Fighting
  5683 | D:5      | Reached skill level 5 in Polearms
  5683 | D:5      | Reached skill level 5 in Dodging
  5831 | D:5      | Found a shimmering altar of Xom.
  6164 | D:5      | Found Rugriymm's Antique Weapon Emporium.
  6238 | D:5      | Reached XP level 8. HP: 28/63 MP: 8/8
  8175 | D:4      | Slain by an orc warrior

Illustrated notes

Levels and vault maps discovered:
D:1:      dpeg_arrival_line_fractal, layout_basic,
          shapermc_ecumenical_altar_flowoftime
D:2:      minmay_door_path, layout_loops_ring, serial_undead, serial_undead_e,
          serial_undead_c, serial_undead_d, serial_undead_b, basic_altar,
          minmay_split_cup_small
D:3:      layout_loops_ring, old_standard_altar, amcnicky_altar_gilded,
          serial_forest, infiniplex_forest_end_1, infiniplex_forest_zigzag_1,
          infiniplex_forest_clump_diagonal, infiniplex_forest_lined_2,
          infiniplex_forest_lined_3_way
D:4:      layout_basic, gup_ossuary_entry_pyramid, serial_shops,
          kennysheep_mini, minmay_manual_moon
D:5:      layout_loops_ring, dk_xom_monty_hall, serial_shops, shop

Skill      XL: |  1  2  3  4  5  6  7  8 |
---------------+-------------------------+-----
Fighting       | 4 5 6 |  6.1
Polearms       | 4 5 6 |  6.2
Dodging        | 4 5 6 |  6.1
Stealth        | |  2.0

Action                   |  1- 3 |  4- 6 |  7- 9 || total
-------------------------+-------+-------+-------++-------
Melee: Spear             |   143 |   409 |   158 ||   710
       Punch             |     1 |     6 |     4 ||    11
Throw: Throwing net      |       |     1 |       ||     1
  Use: Scroll            |       |     7 |     3 ||    10
       Potion            |       |     3 |     3 ||     6
 Stab: Sleeping          |     7 |    13 |     1 ||    21
       Distracted        |       |     1 |     1 ||     2
Armor: Robe              |    12 |     5 |       ||    17
       Scale mail        |       |    93 |    30 ||   123
Dodge: Dodged            |    83 |   176 |    76 ||   335
